 Dungeon Crawl Stone Soup version 0.29.1-4-g47bece8355 (webtiles) character file.

Game seed: 9596094318091882290

44 ChadusMaximus the Caller (level 3, 0/24 HPs)
             Began as a Human Summoner on Dec 9, 2022.
             Slain by a gnoll
             ... wielding a +1 spear of flaming
              (1 damage)
             ... on level 2 of the Dungeon.
             The game lasted 00:02:23 (2636 turns).

ChadusMaximus the Caller (Human Summoner)           Turns: 2636, Time: 00:02:24

Health: 0/24       AC:  3    Str:  8    XL:     3   Next: 87%
Magic:  1/6        EV: 12    Int: 17    God:
Gold:   56         SH:  0    Dex: 13    Spells: 1/7 levels left

rFire   . . .      SeeInvis .   e - +0 dagger
rCold   . . .      Faith    .   (no shield)
rNeg    . . .      Spirit   .   a - +0 robe
rPois   .          Reflect  .   (no helmet)
rElec   .          Harm     .   (no cloak)
rCorr   .          Rampage  .   h - +0 pair of gloves
Will    .....                   (no boots)
Stlth   ++........              (no amulet)
HPRegen 0.08/turn               (no ring)
MPRegen 0.10/turn               (no ring)

@: no status effects
A: no striking features
a: no special abilities


You were on level 2 of the Dungeon.
You visited 1 branch of the dungeon, and saw 2 of its levels.

You collected 56 gold pieces.

Inventory:

Hand Weapons
 e - a +0 dagger (weapon)
Armour
 a - a +0 robe (worn)
 h - a +0 pair of gloves (worn)
Jewellery
 c - an amulet of regeneration
Scrolls
 d - 3 scrolls of identify {unknown}
 f - a scroll of amnesia {unknown}
 g - a scroll of magic mapping {unknown}
 j - a scroll of teleportation {unknown}
Potions
 b - a potion of magic
 i - a potion of cancellation {unknown}
 k - a potion of heal wounds {unknown}


   Skills:
 - Level 2.1 Dodging
 - Level 2.1 Stealth
 + Level 2.5 Spellcasting
 * Level 4.7 Summonings


You had one spell level left.
You knew the following spells:

 Your Spells              Type           Power      Damage    Failure   Level
a - Summon Small Mammal   Summ           72%        N/A       2%          1
b - Call Canine Familiar  Summ           18%        N/A       8%          3
c - Call Imp              Summ           18%        N/A       3%          2

Your spell library contained the following spells:

 Spells                   Type           Power      Damage    Failure   Level
 Summon Guardian Golem    Hex/Summ       10%        N/A       21%         3
 Summon Lightning Spire   Summ/Air       10%        N/A       56%         4


Dungeon Overview and Level Annotations

Branches:
Dungeon (2/15)

Altars:


Message History

No target in view!
No target in view! 3 gnolls come into view.
A gnoll is wielding a +1 spear of flaming.
The gnoll shouts! x2
The gnoll closely misses you.
The gnoll shouts!
You hear a shout!
You see here a +0 chain mail.
There are monsters nearby!
Casting: Call Canine Familiar (quite dangerous; 8% risk of failure)
Confirm with . or Enter, or press ? or * to list all spells.
The spell is quite dangerous to miscast (8% risk of failure)!
Continue anyway?
You miscast Call Canine Familiar.
You are very lightly contaminated with residual magic.
Nothing appears to happen.
The gnoll barely misses you.
Casting: Call Canine Familiar (quite dangerous; 8% risk of failure)
Confirm with . or Enter, or press ? or * to list all spells.
You don't know that spell.
There are monsters nearby!
A gnoll opens the door.
Your magical contamination has completely faded away.
You see here a +0 dagger.
Casting: Call Canine Familiar (quite dangerous; 8% risk of failure)
Confirm with . or Enter, or press ? or * to list all spells.
The spell is quite dangerous to miscast (8% risk of failure)!
Continue anyway?
Casting: Call Canine Familiar (quite dangerous; 8% risk of failure)
Confirm with . or Enter, or press ? or * to list all spells.
You don't know that spell.
Casting: Call Canine Familiar (quite dangerous; 8% risk of failure)
Confirm with . or Enter, or press ? or * to list all spells.
A beastly little devil appears in a puff of flame.
Your hound bites the gnoll.
Your hound closely misses the gnoll.
The gnoll hits you from afar with a +1 spear of flaming!
The gnoll burns you.
Your hound barely misses the gnoll.
Your hound misses the gnoll.
The gnoll hits you from afar with a +1 spear of flaming!
* * * LOW HITPOINT WARNING * * *
The gnoll burns you.
You die...

####..# #..(...#.
##g#### #........
#.)g.## #...[...#
####..# ########......#
##.# #....###.....##
#.##### #....#.....#.##
#.g.gh####....#.###.#...
#####g5.##....#.# #.####
###@##..)...# #.#
#.##.....## #.#
######.......## #..
#..........### ###
#........>...(.
#........######
#........# #..........
#..........#


You could see 3 gnolls, a friendly hound (summoned) and a friendly crimson imp
(summoned).

Vanquished Creatures
  2 dart slugs (D:1)
  2 goblins (D:1)
  4 hobgoblins
  3 quokkas (D:1)
  A ball python (D:2)
  2 bats (D:1)
  2 frilled lizards
  3 rats (D:1)
19 creatures vanquished.

Vanquished Creatures (collateral kills)
  A worm (D:2)
  A ball python (D:1)
  3 endoplasms
  4 goblins
  2 hobgoblins (D:1)
  2 quokkas (D:1)
  A rat (D:1)
14 creatures vanquished.

Grand Total: 33 creatures vanquished

Notes
Turn   | Place    | Note
-------+----------+-------------------------------------------
     0 | D:1      | ChadusMaximus the Human Summoner began the quest for the
                  | Orb.
     0 | D:1      | Reached XP level 1. HP: 13/13 MP: 3/3
   655 | D:1      | Reached XP level 2. HP: 19/19 MP: 5/5
  1236 | D:1      | Reached XP level 3. HP: 15/24 MP: 3/6
  1366 | D:1      | Learned a level 3 spell: Call Canine Familiar
  1369 | D:1      | Learned a level 2 spell: Call Imp
  2636 | D:2      | HP: 1/24 [gnoll/+1 spear of flaming (7)]
  2636 | D:2      | Slain by a gnoll

Illustrated notes

Levels and vault maps discovered:
D:1:      eino_arrival_cavern_e, layout_basic, nrook_loot_triangle
D:2:      layout_basic, hellmonk_ecumenical_altar_run_dry,
          uniq_crazy_yiuf_cottage

Action                   || total
-------------------------++-------
Melee: Unarmed           ||    15
       Dagger            ||   102
       Punch             ||     3
 Cast: Summon Small Mamm ||    14
       Call Canine Famil ||     4
       Call Imp          ||     1
 Stab: Sleeping          ||     1
Armor: Robe              ||    13
Dodge: Dodged            ||    69
